AoeStats
← Green Assassin

African Clearing

504805662Analyzed
4v4 RM · 25d ago on Sep 6, 2026· 45m 14s· 8 players
Game mode
Random Map
Map size
Large (8 player)
Population
200
Speed
Normal
Resources
Standard
Victory
Conquest
Starting age
Dark Age
Ending age
Imperial Age
RankedLock teamsTeams togetherTeam positionsShared explorationLock speedFull tech treeHidden civsTurbo modeCheats
Victory
Defeat
🇹🇷 Armenians · Türkiye
1123
+15
🇺🇸 Huns · United States
1112
+15
🇩🇪 Georgians · Germany
1111
+15
🇬🇧 Malians · United Kingdom
1100
+16
🇨🇦 Teutons · Canada
1145
-17
🇦🇷 Cumans · Argentina
1115
-16
🇨🇴 Goths · Colombia
1069
-14
🇲🇽 Byzantines · Mexico
1059
-14
Frito
13:42 Loom
15:59 Feudal Age
21:23 Castle Age
19:40 Forging
19:35 Scale Barding Armor
19:38 Gold Mining
21:09 Double-Bit Axe
21:07 Horse Collar
22:03 Bloodlines
22:34 Heavy Plow
24:47 Iron Casting
29:17 Chain Barding Armor
29:46 Husbandry
35:06 Wheelbarrow
42:22 Hand Cart
45:27 Imperial Age
43:18 Hand Cart
43:25 Bow Saw
43:51 Gold Shaft Mining
43:08 Stone Mining
Green Assassin
4:35 Loom
13:36 Feudal Age
14:17 Double-Bit Axe
22:18 Castle Age
20:36 Fishing Lines
21:42 Scale Barding Armor
23:21 Wheelbarrow
23:59 Husbandry
24:10 Bloodlines
25:26 Gillnets
27:03 Forging
28:05 Fletching
29:21 Bow Saw
29:23 Bodkin Arrow
33:37 Gold Mining
39:36 Imperial Age
38:48 Padded Archer Armor
39:23 Ballistics
40:06 Leather Archer Armor
41:04 Hand Cart
41:04 Bracer
41:19 Heavy Cavalry Archer
43:10 Chemistry
42:38 Conscription
43:43 Parthian Tactics
44:08 Elite Monaspa
StinkyNewt
7:31 Loom
16:08 Feudal Age
21:11 Castle Age
19:09 Stone Mining
20:26 Fletching
20:46 Double-Bit Axe
21:57 Bodkin Arrow
26:22 Forging
37:57 Imperial Age
BachWagner
5:26 Loom
13:11 Feudal Age
14:10 Double-Bit Axe
19:05 Castle Age
17:32 Gold Mining
17:58 Horse Collar
20:01 Gambesons
20:16 Squires
24:31 Man-at-Arms
25:14 Scale Mail Armor
27:39 Long Swordsman
28:23 Arson
30:03 Forging
30:36 Fletching
32:05 Wheelbarrow
31:45 Padded Archer Armor
31:41 Bodkin Arrow
36:11 Imperial Age
35:39 Hand Cart
38:41 Conscription
38:39 Bow Saw
39:14 Two-Handed Swordsman
40:31 Iron Casting
40:11 Chain Mail Armor
41:33 Sanctity
43:03 Blast Furnace
42:18 Chain Mail Armor
43:40 Chemistry
43:02 Ballistics
43:29 Bracer
43:45 Leather Archer Armor
44:56 Murder Holes
45:50 Fereters
GR4Y_BE4RD
8:39 Loom
13:10 Feudal Age
14:10 Double-Bit Axe
20:24 Castle Age
21:01 Town Watch
23:00 Gold Mining
24:02 Scale Barding Armor
24:12 Bloodlines
30:55 Scale Mail Armor
31:21 Chain Barding Armor
32:30 Wheelbarrow
34:45 Forging
40:33 Imperial Age
39:41 Hand Cart
40:04 Iron Casting
40:49 Cavalier
43:11 Plate Barding Armor
MAGNUZ
11:16 Loom
14:47 Feudal Age
15:18 Double-Bit Axe
16:12 Man-at-Arms
22:23 Castle Age
20:51 Horse Collar
21:33 Stone Mining
26:01 Bow Saw
29:12 Heavy Plow
34:42 Gold Mining
38:33 Imperial Age
37:09 Gold Shaft Mining
38:08 Wheelbarrow
39:18 Hand Cart
40:19 Two-Man Saw
41:51 Chemistry
ForlornBirch96
3:58 Loom
13:44 Feudal Age
20:13 Castle Age
19:05 Double-Bit Axe
23:42 Horse Collar
25:25 Heavy Plow
26:14 Wheelbarrow
25:32 Town Watch
26:13 Scale Mail Armor
26:25 Forging
32:56 Imperial Age
29:52 Pikeman
30:33 Squires
33:04 Chain Mail Armor
33:24 Iron Casting
34:03 Conscription
34:47 Crop Rotation
34:34 Perfusion
35:39 Anarchy
37:49 Fletching
38:17 Hand Cart
41:27 Halberdier
43:56 Blast Furnace
42:52 Bodkin Arrow
42:57 Padded Archer Armor
Lilygold
13:15 Feudal Age
13:56 Double-Bit Axe
21:41 Castle Age
20:26 Stone Mining
22:02 Horse Collar
25:42 Fletching
26:44 Bow Saw
26:58 Gold Mining
27:40 Bodkin Arrow
28:13 Bloodlines
28:58 Heavy Plow
29:39 Ballistics
34:55 Imperial Age
35:03 Imperial Age
34:12 Pikeman
37:05 Forging
36:56 Scale Mail Armor
Connection lost

Rejoining the realm…

Still unreachable

The connection could not be restored.

Session expired

The server has moved on; the page needs a fresh start.